Unix NetHack Version 5.0.0-0 post-release - last build May  4 2026 22:22:43 (774f63e81ad911689b3a0859ea89b322d5daca8d,branch:main).

Game began 2026-05-05 00:09:06, ended 2026-05-05 00:24:27.

AvatarOfWar, lawful female dwarven Valkyrie

                                                             -----
                                              ----------     |...|
                                              |........|     |...|
                                              |........|#    |...|
               -----                          |.........#####....|
              #....|      -------------       ----------#    -|---
           ####|....######.............##################     ##
  --------##   |...|      |.>.........|#          #            #
  |......|#    .....      +...........|#                       #
  |......|#    -----      |...........|                        #
  |......|#               -------------                        #
  |...(...##                                                   ##
  |......| #                                                    ###
  |.<.....                                                     ---.---
  --------                                                     |{....|
                                                               |.....|
                                                               |.....|
                                                               |f@m.(|
                                                               -------

AvatarOfWar the Skirmisher  St:17 Dx:13 Co:16 In:10 Wi:9 Ch:10  Lawful
Dlvl:4  $:64 HP:0(35) Pw:4(4) AC:2  Xp:4 T:1272 

Latest messages:
 Valkyrie needs food, badly!
 $ - 9 gold pieces (64 in total).
 You swap places with your kitten.
 The door opens.
 Autopickup: OFF.
 That chest is a small mimic!
 You miss the small mimic.
 You hit the small mimic!
 You hit the small mimic!
 You miss the small mimic.
 You miss the small mimic.
 You hit the small mimic!
 You kill the small mimic!
 Welcome to experience level 4.
 You hear water falling on coins.
 You see here a small mimic corpse.
 There is a small mimic corpse here; eat it? [ynq] (n) y
 This small mimic corpse is tough.
 You finish eating the small mimic corpse.
 You can't resist the temptation to mimic a pile of gold.
 You now prefer mimicking a dwarf again.
 That chest is a small mimic!
 The small mimic hits!
 You hit the small mimic!
 You miss the small mimic.
 You hit the small mimic.
 You hit the small mimic!
 You miss the small mimic.
 You hit the small mimic.
 The small mimic turns to flee.
 You kill the small mimic!
 You see here 19 gold pieces.
 That chest is a small mimic!
 You miss the small mimic.
 The small mimic hits!
 You hit the small mimic!
 You hit the small mimic!
 The small mimic hits!
 You miss the small mimic.
 You hit the small mimic!
 The small mimic hits!
 You miss the small mimic.
 You miss the small mimic.
 The small mimic hits!
 You die...
 Do you want your possessions identified? [ynq] (y) y
 Do you want to see your attributes? [ynq] (y) n
 Do you want an account of creatures vanquished? [ynaq] (y) n
 Do you want to see your conduct and achievements? [ynq] (y) n
 Do you want to see the dungeon overview? [ynq] (y) y

Inventory:
 Coins    ('$')
  $ - 64 gold pieces
 Weapons  (')')
  b - a +0 dagger (alternate weapon; not wielded)
  a - a +1 dwarvish spear (weapon in right hand)
  h - 2 +0 orcish daggers
  e - a +0 silver dagger
 Armor    ('[')
  l - a blessed +1 orcish helm (being worn)
  g - a blessed +0 orcish helm
  c - an uncursed +3 small shield (being worn)
  j - an uncursed +0 leather armor
  r - an uncursed +0 leather armor
  k - a cursed +0 leather armor (being worn)
 Comestibles  ('%')
  t - an uncursed cram ration
  d - an uncursed food ration
  p - an uncursed egg
 Scrolls  ('?')
  x - an uncursed scroll of confuse monster
  n - an uncursed scroll of create monster
  v - an uncursed scroll of scare monster
 Spellbooks  ('+')
  i - an uncursed spellbook of dig
  z - an uncursed spellbook of extra healing
 Potions  ('!')
  y - a cursed potion of extra healing
  u - an uncursed potion of invisibility
  w - an uncursed potion of water
 Rings    ('=')
  o - an uncursed ring of levitation
  A - a cursed ring of slow digestion
 Gems/Stones  ('*')
  q - 2 uncursed amber stones
  B - an uncursed worthless piece of white glass

AvatarOfWar the Valkyrie's attributes:

Background:
 You were a Skirmisher, a level 4 dwarven Valkyrie.
 You were lawful, nominally on a mission for Tyr
 who was opposed by Odin (neutral) and Loki (chaotic).
 You were right-handed.
 You were in the Dungeons of Doom, on level 4.
 You entered the dungeon 1272 turns ago.
 It was the midnight hour.
 You had 119 experience points, 41 more were needed to attain level 5.

Basics:
 You had 0 out of 35 hit points.
 You had all 4 energy points (spell power).
 Your armor class was 2.
 Your wallet contained 64 zorkmids.
 Autopickup was off.

Final Characteristics:
 Your strength was 17 (limit:18/100).
 Your dexterity was 13 (limit:20).
 Your constitution was 16 (limit:20).
 Your intelligence was 10 (limit:16).
 Your wisdom was 9 (limit:16).
 Your charisma was 10 (limit:16).

Final Status:
 You weren't hungry.
 You were unencumbered.
 You were wielding a spear.
 You had basic skill with spear.

Final Attributes:
 You were devoutly aligned.
 You were cold resistant.
 You had infravision.
 You were stealthy.
 You were warded.
 You are dead.

Miscellaneous:
 You didn't encounter any bones levels.
 Total elapsed playing time was 15 minutes and 18 seconds.

Major events:
 Turn
    1: AvatarOfWar the lawful dwarven Valkyrie entered the dungeon
  997: attained the rank of Skirmisher (level 3)
 1272: killed by a small mimic

You didn't know any spells.

Skills:
 Fighting Skills
   bare handed combat [Unskilled]
   two weapon combat  [Unskilled]
   riding             [Unskilled]
 Weapon Skills
   dagger             [Basic]
   axe                [Unskilled]
   pick-axe           [Unskilled]
   short sword        [Unskilled]
   broadsword         [Unskilled]
   long sword         [Unskilled]
   two-handed sword   [Unskilled]
   saber              [Unskilled]
   hammer             [Unskilled]
   quarterstaff       [Unskilled]
   polearms           [Unskilled]
   spear              [Basic]
   trident            [Unskilled]
   lance              [Unskilled]
   sling              [Unskilled]
 Spellcasting Skills
   attack spells      [Unskilled]
   escape spells      [Unskilled]

Voluntary challenges:
 Character rerolling was not enabled.
 You were an atheist.
 You were illiterate.
 You never genocided any monsters.
 You never polymorphed an object.
 You used no wishes.
Achievement:
 You attained the rank of Skirmisher.

 The Dungeons of Doom: levels 1 to 4
    Level 1:
    Level 2:
       A fountain.
    Level 3:
    Level 4: <- You were here.
       A fountain.
       Final resting place for
          you, killed by a small mimic.


Vanquished creatures:
  2 small mimics
 an iguana
  3 giant rats
  2 gnome zombies
  a gecko
  3 jackals
  a fox
  2 goblins
  2 grid bugs
  2 lichens
  2 kobold zombies
  2 newts
23 creatures vanquished.

No species were genocided or became extinct.

Game over:
                       ----------
                      /          \
                     /    REST    \
                    /      IN      \
                   /     PEACE      \
                  /                  \
                  |   AvatarOfWar    |
                  |      64 Au       |
                  |   killed by a    |
                  |   small mimic    |
                  |                  |
                  |                  |
                  |       2026       |
                 *|     *  *  *      | *
        _________)/\\_//(\/(/\)/\//\/|_)_______

Farvel AvatarOfWar the Valkyrie...

You died in The Dungeons of Doom on dungeon level 4 with 684 points,
and 64 pieces of gold, after 1272 moves.
You were level 4 with a maximum of 35 hit points when you died.

